Cogmind - Beta 17 @@@ ROGUE MODE // 2026.07.07 @ 12:26:26 Player: Minty Result: Destroyed by S-10 Pest with Light Assault Rifle Performance ------------- Evolutions (0) 0 Regions Visited (2) 400 Robots Destroyed (17) 85 Value Destroyed (345) 345 Prototype IDs (1) 20 Alien Tech Used (0) 0 Bonus (5000) 5000 TOTAL SCORE: 5850 Bonus ------- Prayed to X0-1V1 5000 Cogmind --------- Core Integrity 0/200 Matter 300/300 Energy 99/100 System Corruption 5% Temperature Cool (0) Movement Core (50) Location -10/Mines Parts ------- > --- POWER (1) -------- (None) > --- PROPULSION (2) --- (None) > --- UTILITY (2) ------ (None) > --- WEAPON (2) ------- (None) > --- INVENTORY (5) ---- Medium Storage Unit Targeting Computer Propulsion Shielding Utility Shielding Hacking Suite Peak State ------------ > --- POWER ------------ Light Ion Engine > --- PROPULSION ------- Aluminum Leg Wheel > --- UTILITY ---------- Medium Storage Unit X0-1V1's Piety Tracker > --- WEAPON ----------- (None) > --- INVENTORY -------- Small Storage Unit Medium Storage Unit Targeting Computer Propulsion Shielding Utility Shielding Hacking Suite [Rating: 17] Favorites ----------- Power Ion Engine Engine Ion Engine Propulsion Light Treads Treads Light Treads Leg Aluminum Leg Wheel Wheel Utility Medium Storage Unit Device X0-1V1's Piety Tracker Storage Medium Storage Unit Protection Light Armor Plating Weapon EM Pulse Gun Energy Gun EM Pulse Gun Ballistic Gun Light Assault Rifle Build | -11 -10 -10 ------- Run | Yrd Mat Min Slots Evolved . | . . . Power . | . . . Propulsion . | . . . Utility . | . . . Weapon . | . . . Parts Attached 15 | . 14 1 Power 1 | . 1 . Engine 1 | . 1 . Core . | . . . Reactor . | . . . Propulsion 5 | . 5 . Treads 2 | . 2 . Leg 2 | . 2 . Wheel 1 | . 1 . Hover . | . . . Flight . | . . . Utility 5 | . 4 1 Device 1 | . . 1 Storage 1 | . 1 . Processor . | . . . Hackware . | . . . Protection 3 | . 3 . Artifact . | . . . Weapon 4 | . 4 . Energy Gun 3 | . 3 . Energy Cannon . | . . . Ballistic Gun 1 | . 1 . Ballistic Cannon . | . . . Launcher . | . . . Special Weapon . | . . . Impact Weapon . | . . . Slashing Weapon . | . . . Piercing Weapon . | . . . Special Melee Weapon . | . . . Unidentified Prototypes 1 | . . 1 Parts Lost 13 | . 8 5 Power 2 | . 1 1 Propulsion 5 | . 3 2 Utility 2 | . . 2 Weapon 4 | . 4 . Highest Loss Streak 6 | . 4 6 To Critical Strikes . | . . . Average Backups 8 | . 8 5 Power . | . . . Propulsion 2 | . 2 . Utility 3 | . 3 5 Weapon . | . . . Tool/Special . | . . . Unused Backups 9 | . 5 4 Power 1 | . 1 . Propulsion 2 | . 2 . Utility 4 | . . 4 Weapon 2 | . 2 . Tool/Special . | . . . Average Slot Usage (%) 83 | . 85 49 Engine 13 | . 13 10 Treads 16 | . 17 . Leg 10 | . 10 10 Wheel 1 | . . 14 Storage 13 | . 14 7 Protection 4 | . 4 3 Energy Gun 22 | . 24 . Peak Build Rating 17 | . 8 17 Average Rating 6 | . 6 5 On Entrance 6 | 6 6 7 Avg Prop Armor Cover (%) 23 | . 9 26 Naked Turns 1 | . . 1 Heaviest Build 20 | 14 20 16 Greatest Support 40 | 20 40 10 Greatest Overweight (x) 1 | . 1 1 Average Overweight (x) . | . . . Largest Inventory Capacity 10 | . 10 10 Average Capacity 9 | . 9 6 Most Carried 10 | . 10 7 Average Carried 8 | . 8 5 Final Capacity 10 | 8 10 5 Final Carried 7 | 6 7 5 Class Distribution -------------------- 100% | Mutant Dominant Class ---------------- Mutant | -10/Materials Mutant | -10/Mines Resources | -11 -10 -10 ----------- Run | Yrd Mat Min Matter Collected 300 | 200 100 . Remotely . | . . . Salvage Created 481 | . 481 . Parts 39 | . 39 . Haulers Intercepted . | . . . Recyclers Shooed . | . . . Parts Field Recycled . | . . . Retrieved Matter . | . . . Parts Self-Destructed . | . . . Prevented . | . . . Parts Restored . | . . . Kills | -11 -10 -10 ------- Run | Yrd Mat Min Combat Hostiles Destroyed 13 | . 13 . Guns 10 | . 10 . AOE 3 | . 3 . Classes Destroyed 5 | . 5 . Recycler 1 | . 1 . Mechanic 1 | . 1 . Operator 2 | . 2 . Swarmer 7 | . 7 . Grunt 6 | . 6 . Best Kill Streak 12 | . 12 . Combat Bots Only 10 | . 10 . Max Kills in Single Turn 3 | . 3 . Gunslinging . | . . . Exploded 2 | . 2 . Melee . | . . . Uniques/NPCs Destroyed . | . . . Combat | -11 -10 -10 -------- Run | Yrd Mat Min Hostile Shots Fired 168 | . 131 37 Missed 41 | . 31 10 Hits 127 | . 100 27 Projectile 127 | . 100 27 Damage Taken 1242 | . 1024 218 Core 258 | . 167 91 Absorbed by Shields . | . . . Core Remaining (%) 100 | 100 . . Volleys Fired 44 | . 44 . Largest 2 | . 2 . Hottest 90 | . 90 . Shots Fired 77 | . 77 . Gun 77 | . 77 . Cannon . | . . . Launcher . | . . . Special . | . . . Kinetic 2 | . 2 . Thermal 37 | . 37 . Explosive . | . . . Electromagnetic 38 | . 38 . Robot Hit Streak 9 | . 9 . Robot Miss Streak 3 | . 3 . Penetration Max . | . . . Secondary Targets 5 | . 5 . Max Gunslinging Chain 1 | . 1 . Shots Hit Robots 44 | . 44 . Core Hits 26 | . 25 1 Critical Kills . | . . . Critical Parts Destroyed . | . . . Critical Strikes 1 | . 1 . Burn 1 | . 1 . Melee Attacks . | . . . Impact . | . . . Slashing . | . . . Piercing . | . . . Sneak Attacks . | . . . Combat Hostiles . | . . . Follow-up Attacks . | . . . Damage Inflicted 765 | . 745 20 Guns 544 | . 544 . Cannons . | . . . Explosions 166 | . 166 . Melee . | . . . Ramming 55 | . 35 20 Kinetic 8 | . 8 . Thermal 390 | . 390 . Explosive . | . . . Electromagnetic 312 | . 312 . Impact . | . . . Slashing . | . . . Piercing . | . . . Highest Corruption 5 | . . 5 Average Corruption 5 | . . 5 Corruption Purged . | . . . Corruption Blocked . | . . . Overload Shots . | . . . Overflow Damage . | . . . Projectiles . | . . . Explosions . | . . . Melee . | . . . Knockbacks . | . . . Impact . | . . . Kinetic . | . . . Secondary . | . . . Self-Inflicted Damage 42 | . 33 9 Shots 1 | . 1 . Rammed 9 | . 3 6 Targets Rammed 18 | . 10 8 Kicked 8 | . 6 2 Crushed 1 | . 1 . Highest Temperature 282 | . 282 . Average Temperature 106 | . 106 . Received Heat Transfer 354 | . 354 . Effects 1 | . 1 . Energy Bleed 1 | . 1 . Siege Activations . | . . . Martial Activations . | . . . Shielding Activations . | . . . Robots Disrupted . | . . . Combat Hostiles . | . . . Robots Corrupted . | . . . Combat Hostiles . | . . . Parts Fried . | . . . Impact Corruptions . | . . . Robots Melted . | . . . Combat Hostiles . | . . . Parts Melted 2 | . 2 . Heat Transferred 822 | . 822 . Parts Sabotaged . | . . . Parts Stolen . | . . . Parts Stripped . | . . . Power Chain Reactions 2 | . 2 . Alert | -11 -10 -10 ------- Run | Yrd Mat Min Maximum Alert Level 1 | . 1 . Low Security (%) 96 | . 96 100 Level 1 3 | . 3 . Level 2 . | . . . Level 3 . | . . . Level 4 . | . . . Level 5 . | . . . High Security . | . . . Max Security . | . . . Peak Influence 207 | . 207 51 Initial 51 | . . 51 Average 71 | . 74 20 Influence Increases 390 | . 390 . Destroy 0b10 Robot/C 260 | . 260 . Destroy 0b10 Robot/NC 20 | . 20 . Destroy Leader 50 | . 50 . Successful Hack 27 | . 27 . Disable Machine 30 | . 30 . Destroy Structure 3 | . 3 . Influence Decreases 390 | . 259 131 Entered New Map 80 | . . 80 Time Decay 189 | . 179 10 Lost Part 121 | . 80 41 Squads Dispatched 3 | . 3 . Investigation . | . . . Extermination . | . . . Reinforcement 3 | . 3 . Assault . | . . . Garrison . | . . . Intercept . | . . . Searches Triggered . | . . . Construction Impeded . | . . . Haulers Reinforced . | . . . Active Scanning Responses . | . . . Cargo Convoy Interrupts . | . . . Stealth | -11 -10 -10 --------- Run | Yrd Mat Min Distress Signals 2 | . 2 . Communications Jammed . | . . . Distress Signals . | . . . Times Spotted 31 | . 28 3 Peak Tracking Total 7 | . 7 3 Tactical Retreats . | . . . Traps | -11 -10 -10 ------- Run | Yrd Mat Min Traps Triggered . | . . . Indirectly . | . . . Trap Hack Attempts . | . . . Triggered . | . . . Disarmed . | . . . Reprogrammed . | . . . Reused . | . . . Traps Extracted . | . . . Installed . | . . . Triggered . | . . . Machines | -11 -10 -10 ---------- Run | Yrd Mat Min Machines Disabled 2 | . 2 . Max in Single Turn 1 | . 1 . Machines Repaired . | . . . Machines Dismantled . | . . . Machines Sabotaged . | . . . Overloaded Fab Kills . | . . . Hacking | -11 -10 -10 --------- Run | Yrd Mat Min Machines Accessed 3 | . 3 . Terminals 3 | . 3 . Fabricators . | . . . Repair Stations . | . . . Recycling Units . | . . . Scanalyzers . | . . . Garrison Access . | . . . Total Hacks 11 | . 11 . Successful 8 | . 8 . Failed 3 | . 3 . Catastrophic . | . . . Database Lockouts . | . . . Manual 11 | . 11 . Terminals 11 | . 11 . Fabricators . | . . . Repair Stations . | . . . Recycling Units . | . . . Scanalyzers . | . . . Garrison Access . | . . . Terminal Hacks 4 | . 4 . Terminal Index 1 | . 1 . Registered Components 1 | . 1 . Zone Layout 2 | . 2 . Fabricator Hacks . | . . . Repair Station Hacks . | . . . Recycling Unit Hacks . | . . . Scanalyzer . | . . . Garrison Access Hacks . | . . . Unauthorized Hacks 4 | . 4 . Terminals 4 | . 4 . Botnet 2 | . 2 . Skim 2 | . 2 . Fabricators . | . . . Repair Stations . | . . . Recycling Units . | . . . Scanalyzers . | . . . Garrison Access . | . . . Data Cores Recovered . | . . . Used . | . . . Hacking Detections 3 | . 3 . Full Trace Events 1 | . 1 . Feedback Events . | . . . Feedback Blocked . | . . . Robot Schematics Acquired . | . . . Robots Built . | . . . Authchips . | . . . Time . | . . . Total Robot Build Rating . | . . . Part Schematics Acquired . | . . . Parts Built . | . . . Authchips . | . . . Time . | . . . Total Part Build Rating . | . . . Part Studies Acquired . | . . . Parts Repaired . | . . . Time . | . . . Parts Recycled . | . . . Recycled Matter . | . . . Retrieved Matter . | . . . Retrieved Components . | . . . Parts Scanalyzed . | . . . Part Schematics Acquired . | . . . Parts Damaged . | . . . Bothacking | -11 -10 -10 ------------ Run | Yrd Mat Min Used RIF Installer . | . . . Robots Hacked . | . . . Non-combat . | . . . Combat . | . . . Robot Hacks Applied . | . . . Relay Couplers Released . | . . . Fabnet Peak Effective % . | . . . Robots Rewired . | . . . Allies Hacked . | . . . Hacks Repelled . | . . . Allies | -11 -10 -10 -------- Run | Yrd Mat Min Total Allies . | . . . Largest Group . | . . . Highest-Rated Group . | . . . Highest-Rated Ally . | . . . Total Orders . | . . . Ally Attacks . | . . . Total Damage . | . . . Kills . | . . . Allies Corrupted . | . . . Allies Melted . | . . . X0-1V1 Amusement Gains 67 | . 7 60 Good Acts 1 | . . 1 Intel | -11 -10 -10 ------- Run | Yrd Mat Min Active Infowar (turns) . | . . . Robot Analysis Total . | . . . Derelict Logs Recovered . | . . . Drone Launches . | . . . Drone Recoveries . | . . . Exploration | -11 -10 -10 ------------- Run | Yrd Mat Min Turns Passed 667 | . 632 35 Spaces Moved 371 | 1 327 43 Core 36 | . . 36 Treads 184 | . 184 . Legs 136 | 1 135 . Wheels 15 | . 8 7 Hover . | . . . Flight . | . . . Fastest Speed 50 | 120 95 50 Average Speed 132 | 120 142 56 Slowest Speed 190 | 120 190 95 Overloaded Moves . | . . . Propulsion Burnouts . | . . . Robots Hopped . | . . . Potential Cave-ins . | . . . Cave-ins Triggered . | . . . Exploration Rate (%) 27 | 1 70 12 Regions Visited 2 Branch Regions 1 Pre-discovered Areas . | . . . Known Exits Taken . | . . . Unknown Exits Taken 2 | 1 1 . Scrap Searched . | . . . Spaces Dug . | . . . Terrain Destroyed 2 | . 2 . Melee . | . . . Projectile . | . . . AOE 2 | . 2 . Terrain Rammed . | . . . Walls Destroyed . | . . . Machines Disabled . | . . . Actions | -11 -10 -10 --------- Run | Yrd Mat Min Total 464 | . 410 54 Wait 3 | . 3 . Move 369 | . 326 43 Hop . | . . . Pick Up 5 | . 5 . Fast Attach 7 | . 7 . Attach 6 | . 5 1 Detach 4 | . 4 . Swap 2 | . 2 . Drop 6 | . 4 2 Fire 44 | . 44 . Melee . | . . . Ram 6 | . . 6 Kick 8 | . 6 2 Crush 4 | . 4 . Escape Stasis . | . . . Rewire . | . . . Trap . | . . . Miscellaneous . | . . . Route ------- -11/Scrapyard -10/Materials (discovered 3 exits: [*Min x2] / [*Sub]) -10/Mines History --------- Turn | Location | Event 1 | -11/Scrapyard | Discovered new exit (range 0) 1 | -11/Scrapyard | Entered Materials 148 | -10/Materials | Discovered new exit (range 9) 326 | -10/Materials | Build established: Mutant 446 | -10/Materials | Destroyed 10 combat bots 447 | -10/Materials | Lost 4 parts (2n2w) 485 | -10/Materials | Discovered new exit (range 7) 569 | -10/Materials | Core integrity fell below 50% 580 | -10/Materials | Discovered new exit (range 8) 588 | -10/Materials | Prayed at D.C.S.S. Altar Unit 603 | -10/Materials | Lost 3 parts (1p2w) 633 | -10/Materials | Entered Mines 642 | -10/Mines | Melee accuracy permanently improved by X0-1V1 (+5%; -50 max core) 658 | -10/Mines | Core integrity fell below 20% 668 | -10/Mines | Destroyed by S-10 Pest with Light Assault Rifle Last Messages --------------- 00634_ Identified X0-1V1's Piety Tracker. 00639_ Dropped Sml. Storage Unit. 00640_ Dropped Med. Storage Unit. 00641_ X0-1V1's Piety Tracker destroyed. 00641_ X0-1V1 is mildly amused. 00642_ X0-1V1: "Any self-respecting god will have their pound of flesh." (permanent -50 core integrity, +5% melee accuracy) 00651_ Slammed into S-10 Pest. 00652_ Lgt. Ion Engine destroyed. 00652_ System corrupted by crushing effect (+5). 00653_ Slammed into S-10 Pest. 00654_ Kicked S-10 Pest out of the way. 00656_ Kicked S-10 Pest. 00656_ Aluminum Leg destroyed. 00657_ Slammed into S-10 Pest. 00658_ Wheel broken. 00658_ Destabilizing: Short circuit. 00662_ Slammed into S-10 Pest. 00667_ Broken Wheel destroyed. 00668_ X0-1V1 snickers! Map ----- +----------------------------------------------------+ | ??????????????????????????????????? | | ??????????????????????????????????? | | ??????????????????????????????????? | | ??????????????????????????????????? | | ??????????????????????????????????? | | ??????????????????????????????????? | | ??????????????????????????????????? | | ??????????????????????????????????? | | ??????????????????????????????????? | | ??????????????????????????????????? | | ??????????????????????????????????? | | ??????????????????????????????????? | | ??????????????????????????????????? | | ??????????????????????????????????? | | ????###???????????????????????????? | | ????# ######?????????????????????? | | ????? ##????????????????????? | | ????? ?????????????????????? | | ?????? ?????????????????????? | | ?????? ??????????????????????? | | ??????# ??????????#########????? | | ?????## ??????????# #????? | | ?????# ???????????# #????? | | ????## #######?????# !!!! #????? | | ???## ! ####### !!! #????? | | ???# @! s !!!! #????? | | ???# #### ss % !!!! #????? | | ???## #?####### # #????? | | ????## #???????# # #????? | | ?????## ##?????### # #????? | | ??????#####??????# #########????? | | ?????????????????#%###????????????? | | ?????????????#####%#??????????????? | | ?????????????# %%#??????????????? | | ?????????????# #####??????????????? | | ?????????????# #??????????????????? | | ?????????????# #??????????????????? | | ?????????????# #??????????????????? | | ?????????????# #??????????????????? | | ?????????????# ??????????????????? | | ????????????? ??????????????????? | | ????????????? ??????????????????? | | ????????????? ??????????????????? | | ????????????? ??????????????????? | | ????????????? ??????????????????? | | ?????????????# ??????????????????? | | ??????????????# ??????????????????? | | ???????????????#??????????????????? | | ??????????????????????????????????? | | ??????????????????????????????????? | +----------------------------------------------------+ Best States ------------- Heat Dissipation 25 Energy Generation 10 Energy Capacity 250 Matter Stores 300 Matter Capacity 300 Sight Range 16 Terrain Scan Density 10 Armor Coverage 150 Propulsion Shielding 33 Evasion (%) 55 Recoil Reduction 2 Item Schematics ----------------- None Robot Schematics ------------------ None Fabricated ------------ Nothing Repaired ---------- Nothing Studied --------- None Alien Tech Used ----------------- None Achievements -------------- None Challenges ------------ None Game ------ Seed HardlightConcussiveShifter Manual? 0 Play Time 00:05:42 Cumulative 1336.5 hours Start 2026.07.07 @ 12:19:34 End 2026.07.07 @ 12:26:26 Sessions 1 Manual Loads 0 Difficulty Rogue Special Mode None Game No. 1639 Rogue 1355 Adventurer 124 Explorer 160 Win Type - Total 67 Types 52/0/9/4/1/0/0/1/0/0 Lore% 93 Gallery% 84 Achievement% 72 Wizard Run 0 Options --------- Layout 0 ASCII 0 Keyboard 1 Movement Numpad Keybinds 0 Fullscreen 2 Font 18/X11 Map View 76x50 Zoom Use 0% Tactical HUD 1 Map Filters NONE Filters NONE Steam 1 RUN: 0f7d85d3-05e2-46e3-ba3a-28ae4cd71d2c